Map: Overgrowth LE (Void)

Players

HENTAInoko - Winner!

  • Race: Protoss Protoss
  • League: Diamond
  • Spawn Location: 1:00

Charles

  • Race: Zerg Zerg
  • League: Diamond
  • Spawn Location: 7:00

VOD

Have the link to the VOD?

Description

Time

  • Played on: Jan. 10, 2017, 5:20 p.m.
  • Length: 11:16
Show
View Real Time Build Order
Export as new Build Order

HENTAInoko Protoss - Winner!

Build Orders:  

Get SALT Encoding   

  12  0:02  Probe (Chrono Boost)  
  13  0:13  Probe (Chrono Boost)  
  14  0:18  Pylon  
  14  0:23  Probe (Chrono Boost)  
  15  0:31  Assimilator  
  15  0:36  Probe (Chrono Boost)  
  16  0:44  Gateway  
  16  0:47  Probe (Chrono Boost)  
  17  0:57  Probe (Chrono Boost)  
  18  1:05  Assimilator  
  18  1:08  Probe (Chrono Boost)  
  19  1:13  Pylon  
  19  1:19  Probe (Chrono Boost)  
  20  1:32  Cybernetics Core  
  20  1:35  Probe (Chrono Boost)  
  21  1:46  Probe (Chrono Boost)  
  22  1:56  Probe (Chrono Boost)  
  23  2:03  Forge  
  23  2:07  Probe (Chrono Boost)  
  24  2:09  Pylon  
  24  2:13  Robotics Facility, Warp Gate  
  24  2:18  Adept  
  26  2:37  Twilight Council  
  26  2:45  Photon Cannon  
  26  2:47  Gateway  
  26  2:53  Pylon  
  26  3:11  Mothership Core (Chrono Boost)  
  28  3:15  Immortal  
  31  3:31  Probe (Chrono Boost)  
  32  3:35  Photon Cannon  
  32  3:43  Gateway  
  32  3:49  Pylon  
  32  3:50  Warp Prism  
  34  3:59  Resonating Glaives  
  34  4:24  Nexus  
  34  4:36  Dark Shrine  
  34  4:37  Pylon  
  34  4:40  Probe (Chrono Boost)  
  35  4:47  Pylon  
  35  4:52  Probe (Chrono Boost)  
  36  5:04  Probe (Chrono Boost)  
  37  5:09  Immortal  
  37  5:16  Probe (Chrono Boost)  
  42  5:29  Adept  
  42  5:30  Adept x2  
  47  5:43  Probe (Chrono Boost)  
  47  5:44  Probe (Chrono Boost)  
  48  5:52  Protoss Ground Armor Level 1  
  48  5:54  Probe (Chrono Boost)  
  48  5:56  Probe (Chrono Boost)  
  50  5:57  Dark Templar x2  
  54  6:08  Probe x2 (Chrono Boost)  
  54  6:11  Dark Templar  
  59  6:20  Probe x2 (Chrono Boost)  
  59  6:23  Gateway  
  60  6:27  Gateway  
  60  6:29  Dark Templar  
  62  7:09  Dark Templar x3  
  60  7:25  Probe x2 (Chrono Boost)  
  62  7:32  Gateway x2  
  62  7:35  Assimilator  
  63  7:37  Probe (Chrono Boost), Gateway  
  63  7:40  Assimilator  
  63  7:44  Charge  
  55  8:10  Zealot x5  
  55  8:11  Warp Prism  
  63  8:13  Protoss Ground Weapons Level 1  
  65  8:32  Adept x5  
  69  8:48  Zealot x3  
  73  9:04  Adept  
  73  9:05  Adept  
  77  9:11  Pylon  
  77  9:13  Pylon  
  77  9:15  Pylon  
  77  9:31  Zealot x5  
  77  9:32  Zealot x3  
  89  9:50  Zealot  
  88  9:53  Dark Templar x5  
  91  10:07  Dark Templar  
  91  10:08  Dark Templar  
  89  10:18  Zealot  
  89  10:23  Probe x2 (Chrono Boost)  
  89  10:32  Zealot  
  89  10:34  Assimilator  
  89  10:35  Probe (Chrono Boost)  
  92  10:40  Dark Templar  
Show
View Real Time Build Order
Export as new Build Order

Charles Zerg 

Build Orders: Hatch First 

Get SALT Encoding   

  12  0:01  Drone  
  13  0:12  Overlord  
  13  0:17  Drone  
  14  0:31  Drone x2  
  14  0:35  Drone  
  17  0:54  Drone  
  18  1:02  Hatchery  
  17  1:10  Extractor  
  16  1:13  Spawning Pool, Drone  
  16  1:17  Drone  
  17  1:21  Drone  
  18  1:31  Drone  
  19  1:40  Drone  
  20  1:50  Overlord  
  20  2:01  Queen  
  22  2:08  Zergling x2  
  22  2:11  Zergling x2  
  22  2:13  Queen  
  22  2:15  Zergling x2  
  27  2:24  Drone  
  27  2:25  Drone  
  29  2:36  Drone x2  
  31  2:46  Drone x2  
  31  2:48  Metabolic Boost  
  33  2:54  Drone, Hatchery  
  33  3:04  Drone  
  34  3:09  Overlord  
  34  3:10  Overlord  
  33  3:21  Drone  
  33  3:22  Drone  
  33  3:24  Overlord  
  35  3:31  Drone x2  
  35  3:32  Drone x3  
  40  3:36  Drone  
  40  3:37  Evolution Chamber  
  40  3:45  Drone x2  
  42  3:56  Drone x4  
  42  3:57  Drone x3  
  42  4:00  Hatchery  
  42  4:01  Drone  
  49  4:06  Zerg Melee Weapons Level 1  
  49  4:08  Drone x2  
  51  4:12  Zergling x2  
  52  4:17  Overlord  
  52  4:20  Drone  
  52  4:24  Drone  
  54  4:29  Drone x4  
  54  4:30  Drone x3  
  61  4:32  Extractor  
  61  4:34  Extractor  
  61  4:38  Drone x3  
  62  5:01  Zergling x2  
  62  5:02  Zergling x20  
  71  5:11  Spine Crawler  
  71  5:12  Zergling x4  
  71  5:15  Drone  
  71  5:21  Spore Crawler  
  70  5:23  Drone x4  
  70  5:24  Drone  
  70  5:25  Queen  
  70  5:27  Drone x2  
  79  5:29  Overlord  
  79  5:51  Drone x3  
  79  5:54  Drone x6  
  88  6:04  Baneling Nest  
  87  6:07  Roach Warren  
  87  6:08  Drone x2  
  87  6:09  Overlord  
  87  6:10  Evolution Chamber, Overlord x7  
  87  6:11  Extractor  
  86  6:16  Queen  
  88  6:20  Spine Crawler, Drone  
  88  6:24  Extractor  
  88  6:25  Extractor  
  86  6:26  Drone x2  
  86  6:29  Extractor  
  86  6:30  Extractor  
  86  6:32  Spore Crawler  
  85  6:33  Spore Crawler  
  85  6:36  Lair  
  84  6:45  Spore Crawler  
  83  6:47  Spore Crawler  
  83  6:51  Drone x2  
  83  6:52  Drone  
  83  6:53  Drone x2  
  81  7:18  Hatchery  
  81  7:20  Spore Crawler  
  81  7:22  Spine Crawler  
  78  7:23  Spine Crawler, Drone x3  
  78  7:24  Drone  
  78  7:26  Spine Crawler  
  80  7:31  Zergling x2  
  80  7:32  Zergling x14  
  80  7:33  Glial Reconstitution  
  88  7:37  Zerg Ground Armor Level 1  
  88  7:40  Zergling x4  
  88  7:42  Hatchery  
  90  7:58  Drone x3  
  91  8:11  Drone  
  92  8:12  Nydus Network  
  91  8:25  Zergling x2  
  91  8:26  Zergling x16  
  96  8:44  Baneling x3  
  96  8:45  Baneling x4  
  96  8:46  Zergling x2  
  96  8:47  Zergling x12  
  102  8:57  Zergling x4  
  102  9:02  Hatchery  
  103  9:11  Roach x2  
  103  9:12  Roach x3  
  103  9:15  Nydus Canal  
  103  9:16  Hatchery  
  112  9:20  Zergling x4  
  112  9:40  Zergling x2  
  112  9:41  Zergling x10  
  90  10:08  Zergling x4  
  90  10:09  Zergling x8  
  83  10:28  Zergling x2  
  83  10:29  Zergling x6  
  84  10:39  Overseer  
  78  10:44  Zergling x2  
  78  10:45  Zergling x8  
Tags
 
Add a new tag
Caveats
  • Supply blocks, unpowered buildings, or Contaminate may cause inaccurate times.
  • Supply counts are checked every 10 seconds.